Map: Romanticide LE

Players

Leo (LeoRusher) - Winner!

  • Race: Protoss Protoss
  • League: Grandmaster
  • Spawn Location: 11:00

MeomaikaFan (Peppy)

  • Race: Zerg Zerg
  • League: Grandmaster
  • Spawn Location: 5:00

Event: DreamHack SC2 Masters 2020 Winter

VOD

Have the link to the VOD?

Description

Time

  • Played on: Oct. 10, 2020, 1:12 a.m.
  • Length: 10:44

All games in this series

Show
View Real Time Build Order
Export as new Build Order

Leo Protoss - Winner!

Build Orders: 1 Gate Expand, Archon Immortal 

Get SALT Encoding   

  12  0:00  Probe  
  13  0:12  Probe  
  14  0:19  Pylon  
  14  0:24  Probe  
  15  0:38  Gateway, Probe (Chrono Boost)  
  16  0:46  Probe (Chrono Boost)  
  16  0:47  Assimilator  
  17  0:52  Probe  
  18  1:04  Probe  
  19  1:16  Probe  
  20  1:24  Nexus  
  20  1:32  Cybernetics Core  
  20  1:39  Probe  
  21  1:45  Assimilator  
  21  1:51  Pylon, Probe  
  22  2:03  Probe (Chrono Boost)  
  22  2:07  Adept (Chrono Boost)  
  23  2:15  Robotics Facility, Probe (Chrono Boost)  
  26  2:20  Probe (Chrono Boost)  
  26  2:22  Warp Gate  
  27  2:28  Adept (Chrono Boost)  
  27  2:29  Probe  
  28  2:36  Probe  
  31  2:41  Probe  
  32  2:47  Gateway  
  32  2:48  Probe  
  32  2:51  Stalker  
  33  2:55  Probe  
  37  3:08  Warp Prism (Chrono Boost), Probe  
  39  3:15  Probe  
  40  3:20  Probe  
  41  3:27  Probe  
  41  3:31  Pylon  
  41  3:32  Probe  
  43  3:36  Pylon  
  43  3:39  Probe  
  44  3:50  Probe  
  44  3:51  Immortal (Chrono Boost)  
  44  3:52  Probe  
  50  4:01  Shield Battery  
  50  4:02  Probe  
  51  4:03  Assimilator  
  51  4:04  Probe  
  51  4:06  Assimilator  
  52  4:10  Sentry x2  
  52  4:12  Forge  
  52  4:13  Twilight Council  
  52  4:14  Probe  
  57  4:22  Immortal (Chrono Boost)  
  61  4:28  Pylon  
  61  4:29  Probe  
  62  4:38  Gateway  
  62  4:46  Protoss Ground Weapons Level 1, Probe x2  
  64  4:54  Immortal (Chrono Boost)  
  43  5:00  Charge  
  68  5:01  Gateway  
  68  5:07  Gateway  
  68  5:11  Sentry  
  68  5:13  Pylon  
  70  5:18  Gateway  
  70  5:22  Gateway  
  70  5:23  Pylon  
  70  5:33  Probe  
  70  5:34  Immortal (Chrono Boost)  
  71  5:39  Gateway  
  75  5:43  Pylon  
  75  5:47  Sentry  
  77  5:51  Templar Archives  
  77  5:53  Pylon  
  77  6:03  Pylon, Immortal (Chrono Boost)  
  81  6:13  Zealot  
  81  6:14  Zealot x2  
  87  6:20  Pylon  
  87  6:32  Observer (Chrono Boost)  
  88  6:35  High Templar x2  
  88  6:36  Zealot x3  
  88  6:37  Zealot x2  
  102  6:40  Archon  
  102  6:44  Zealot  
  104  6:49  Pylon  
  104  6:59  High Templar x2, Zealot x2  
  104  7:00  Zealot  
  114  7:03  Archon  
  114  7:05  Zealot  
  94  7:30  Zealot x6  
  94  7:31  Sentry  
  94  7:32  Sentry  
  102  7:50  Zealot x6  
  106  7:55  High Templar  
  94  7:58  High Templar  
  94  8:04  Archon  
  94  8:07  Zealot x2  
  94  8:10  Zealot x4  
  96  8:21  Zealot x2  
  90  8:27  Zealot  
  90  8:31  High Templar x4  
  90  8:32  Zealot  
  102  8:35  Archon x2  
  102  8:44  Pylon  
  102  8:48  Zealot x3  
  108  8:53  Pylon  
  108  8:57  Zealot  
  110  9:03  Sentry x3  
  110  9:04  Zealot  
  110  9:05  Zealot  
  118  9:16  Zealot x2  
  82  9:27  Zealot x5  
  80  9:32  Zealot  
  82  9:47  Zealot x5  
  86  9:53  Zealot  
  86  9:57  Zealot  
  76  10:11  Zealot  
  76  10:12  Zealot x4  
  86  10:16  Zealot  
  86  10:18  Zealot  
Show
View Real Time Build Order
Export as new Build Order

MeomaikaFan Zerg 

Build Orders: Hatch First 

Get SALT Encoding   

  12  0:00  Drone  
  13  0:12  Overlord  
  13  0:16  Drone  
  14  0:31  Drone x2  
  16  0:37  Drone  
  17  0:51  Hatchery  
  17  0:54  Drone  
  17  0:57  Drone  
  18  1:08  Extractor  
  17  1:13  Spawning Pool  
  17  1:16  Drone  
  17  1:18  Drone  
  18  1:28  Drone  
  19  1:41  Drone  
  20  1:50  Overlord  
  20  2:00  Queen  
  22  2:02  Queen  
  22  2:03  Zergling x4  
  26  2:11  Metabolic Boost  
  26  2:13  Drone x2  
  28  2:22  Drone  
  29  2:25  Drone  
  30  2:40  Hatchery  
  30  2:42  Zergling x2  
  29  2:46  Drone x3  
  32  2:53  Overlord  
  32  2:59  Drone  
  32  3:01  Queen  
  35  3:08  Drone  
  36  3:13  Overlord  
  36  3:14  Zergling x2  
  36  3:15  Drone x2  
  39  3:22  Queen  
  39  3:26  Drone  
  42  3:27  Drone  
  42  3:28  Roach Warren  
  42  3:32  Overlord  
  42  3:36  Overlord  
  42  3:43  Drone x2  
  44  3:50  Drone  
  44  3:51  Drone  
  46  4:03  Drone x2  
  46  4:04  Drone x2  
  50  4:12  Roach x6  
  62  4:20  Overlord  
  62  4:21  Overlord x3  
  62  4:30  Drone x4  
  66  4:37  Spore Crawler  
  66  4:38  Spore Crawler  
  64  4:39  Drone, Extractor  
  64  4:42  Zergling x6  
  66  4:46  Drone x4  
  70  4:53  Spore Crawler  
  70  4:54  Drone x3  
  70  4:55  Drone  
  70  4:56  Drone  
  74  5:04  Overlord  
  74  5:05  Overlord  
  74  5:06  Extractor  
  73  5:07  Roach  
  73  5:09  Extractor, Zergling x2  
  75  5:18  Roach x4, Zergling x2  
  84  5:32  Spore Crawler  
  84  5:36  Drone  
  84  5:37  Drone x2  
  87  5:44  Roach x3, Zergling x2  
  87  5:45  Zergling x10  
  99  5:52  Lair  
  99  5:53  Zergling x8  
  99  5:56  Roach x3  
  109  5:57  Overlord  
  109  6:04  Overlord  
  109  6:11  Drone  
  109  6:19  Roach x2  
  109  6:20  Zergling x8  
  117  6:29  Overlord x3  
  117  6:46  Roach, Zergling x2  
  117  6:47  Zergling x16  
  128  6:49  Queen x2  
  128  6:50  Baneling Nest  
  128  6:51  Zergling x2  
  132  6:55  Zergling x2  
  132  6:56  Zergling x10  
  132  6:59  Ravager x8  
  132  7:00  Zergling x2  
  147  7:02  Roach x2  
  151  7:09  Roach  
  151  7:10  Zergling x2  
  151  7:12  Evolution Chamber  
  151  7:13  Evolution Chamber  
  139  7:25  Roach x7  
  132  7:30  Roach x2  
  132  7:31  Roach  
  135  7:41  Roach x4  
  132  7:44  Roach  
  132  7:47  Roach x2  
  137  7:54  Roach x3  
  129  7:58  Zergling x6  
  129  8:00  Ravager  
  129  8:02  Ravager  
  132  8:06  Zergling x10  
  132  8:10  Zergling x4  
  139  8:14  Zergling x4  
  133  8:22  Overlord  
  133  8:24  Roach x5  
  133  8:26  Baneling  
  127  8:27  Baneling x3  
  127  8:28  Zergling x2  
  127  8:32  Zergling x4  
  130  8:35  Baneling x5  
  130  8:36  Zergling x2  
  130  8:40  Zergling x2  
  130  8:41  Zergling x4  
  134  8:44  Roach  
  134  8:46  Ravager  
  137  8:50  Roach x2, Zergling x2  
  137  8:51  Zergling x2  
  137  8:55  Roach, Zergling x2  
  146  9:00  Roach x2  
  150  9:04  Drone  
  150  9:05  Evolution Chamber  
  150  9:09  Drone x4  
  147  9:14  Roach x2  
  129  9:23  Zergling x2  
  129  9:24  Zergling x12  
  120  9:30  Roach x2  
  98  9:31  Roach  
  98  9:32  Zergling x2  
  98  9:34  Zergling x4  
  101  9:42  Zergling x4  
  101  9:44  Roach x2  
  105  9:49  Roach x3  
  105  9:51  Roach  
  106  9:55  Roach  
  92  10:02  Roach  
  92  10:03  Roach  
  92  10:04  Roach  
  78  10:11  Roach x2  
  76  10:16  Roach  
  76  10:18  Roach x2  
  76  10:19  Roach  
  72  10:21  Roach  
  72  10:24  Roach  
Tags
 
Add a new tag
Caveats
  • Supply blocks, unpowered buildings, or Contaminate may cause inaccurate times.
  • Supply counts are checked every 10 seconds.